AoeStats
← zephyrutia

Black Forest

507788800Analyzed
2v2 RM · 14d ago on Sep 19, 2026· 53m 57s· 4 players
Game mode
Random Map
Map size
Medium (4 player)
Population
200
Speed
Normal
Resources
Standard
Victory
Conquest
Starting age
Dark Age
Ending age
Imperial Age
RankedLock teamsTeams togetherTeam positionsShared explorationLock speedFull tech treeHidden civsTurbo modeCheats
Victory
Defeat
🇺🇸 Goths · United States
938
+13
🇩🇪 Tatars · Germany
911
+14
🇳🇵 Bulgarians · Nepal
892
-31
🇺🇸 Maya · United States
860
-14
zephyrutia
0:29 Loom
11:03 Feudal Age
12:15 Double-Bit Axe
17:22 Castle Age
15:36 Horse Collar
16:05 Fletching
17:58 Crossbowman
18:51 Bodkin Arrow
25:42 Town Watch
26:00 Scale Mail Armor
29:33 Padded Archer Armor
31:31 Wheelbarrow
33:27 Hand Cart
33:42 Hul'che Javelineers
34:30 Leather Archer Armor
37:38 Imperial Age
35:50 Eagle Warrior
37:43 Squires
38:05 Capped Ram
39:04 Gold Mining
39:07 Stone Mining
39:20 Heavy Plow
39:34 Bow Saw
43:29 Elite Eagle Warrior
45:22 Forging
47:05 Chain Mail Armor
Magikarp
8:20 Loom
11:48 Feudal Age
18:10 Castle Age
17:38 Double-Bit Axe
19:57 Gold Mining
22:12 Horse Collar
22:57 Forging
24:08 Gold Shaft Mining
27:04 Iron Casting
31:28 Bow Saw
32:11 Wheelbarrow
34:33 Imperial Age
32:26 Husbandry
32:40 Scale Barding Armor
35:02 Town Watch
35:49 Hand Cart
36:24 Heavy Plow
37:49 Blast Furnace
37:10 Chain Barding Armor
36:25 Cavalier
38:07 Stirrups
40:36 Masonry
40:32 Murder Holes
41:27 Plate Barding Armor
41:38 Scale Mail Armor
42:29 Bloodlines
42:06 Elite Konnik
48:13 Architecture
cranks
11:59 Feudal Age
16:03 Castle Age
14:20 Double-Bit Axe
14:18 Horse Collar
23:39 Squires
23:00 Man-at-Arms
24:46 Scale Mail Armor
24:23 Long Swordsman
25:24 Forging
27:29 Wheelbarrow
26:40 Loom
26:43 Town Watch
27:51 Chain Mail Armor
28:43 Hand Cart
29:49 Iron Casting
30:16 Bow Saw
30:24 Gold Mining
30:37 Anarchy
32:09 Heavy Plow
35:17 Imperial Age
37:03 Blast Furnace
36:47 Conscription
35:57 Elite Huskarl
36:13 Capped Ram
36:33 Two-Handed Swordsman
38:21 Crop Rotation
37:32 Champion
46:32 Caravan
Heftilus
0:37 Loom
14:52 Feudal Age
18:46 Castle Age
16:40 Double-Bit Axe
17:01 Horse Collar
17:16 Stone Mining
20:21 Bow Saw
20:27 Heavy Plow
30:24 Scale Barding Armor
31:10 Husbandry
31:29 Bloodlines
32:11 Chain Barding Armor
32:47 Wheelbarrow
33:34 Forging
37:09 Imperial Age
35:22 Silk Armor
36:38 Iron Casting
35:57 Fletching
36:01 Gold Mining
37:01 Bodkin Arrow
37:46 Gold Shaft Mining
38:11 Elite Steppe Lancer
40:26 Plate Barding Armor
40:28 Hand Cart
39:58 Town Watch
40:58 Town Patrol
42:21 Conscription
42:38 Crop Rotation
42:46 Timurid Siegecraft
44:40 Blast Furnace
43:42 Bracer
45:00 Ballistics
48:33 Siege Engineers
50:54 Light Cavalry
50:55 Cavalier
50:55 Heavy Camel Rider
51:43 Scale Mail Armor
51:46 Padded Archer Armor
52:48 Chemistry
51:10 Pikeman
51:51 Squires
53:17 Leather Archer Armor
52:24 Hussar
52:27 Halberdier
53:30 Ballistics
53:14 Caravan
53:32 Fervor
54:08 Devotion
54:46 Ring Archer Armor
54:44 Illumination
54:52 Coinage
54:35 Guilds
54:38 Fortified Wall
53:53 Man-at-Arms
Connection lost

Rejoining the realm…

Still unreachable

The connection could not be restored.

Session expired

The server has moved on; the page needs a fresh start.